 Dungeon Crawl Stone Soup version 0.29-a0-1009-g60c99734e7 (webtiles) character file.

Game seed: 2022078417861696387

111798 siradein the Tortoise (level 16, -3/156 HPs)
             Began as a Minotaur Berserker on Aug 8, 2022.
             Was a High Priest of Trog.
             Slain by Donald
             ... wielding a +0 demon trident of electrocution
              (23 damage)
             ... on level 1 of the Spider Nest.
             The game lasted 01:03:15 (29223 turns).

siradein the Tortoise (Minotaur Berserker)         Turns: 29223, Time: 01:03:16

Health: -3/156     AC: 38    Str: 33    XL:     16   Next: 10%
Magic:  15/15      EV: 16    Int:  3    God:    Trog [*****.]
Gold:   508        SH: 18    Dex: 19    Spells: 15/15 levels left

rFire   . . .      SeeInvis .   Y - +4 demon trident of Qicituhuf {vamp, Fragile rN+ rCorr Dex+3}
rCold   . . .      Faith    .   W - +0 tower shield
rNeg    + . .      Spirit   .   Z - +8 plate armour "Noram" {+Blink Will+ Regen+ Stlth-}
rPois   +          Reflect  .   (helmet unavailable)
rElec   .          Harm     .   u - +2 cloak
rCorr   +          Rampage  .   T - +2 pair of gloves
Will    ++++.                   V - +1 pair of boots {Stlth+}
Stlth   ..........              E - amulet of the acrobat
HPRegen 1.16/turn               t - ring of willpower
MPRegen 0.14/turn               O - +6 ring of strength

@: on berserk cooldown, slowed, studying Long Blades, very slow
A: horns 3, retaliatory headbutt, talons 1, agile 1, strong-willed 1, poison
resistance
a: Renounce Religion, Evoke Blink, Berserk, Trog's Hand, Brothers in Arms


You were on level 1 of the Spider Nest.
You worshipped Trog.
Trog was extremely pleased with you.
You visited 4 branches of the dungeon, and saw 23 of its levels.
You visited the Abyss 1 time.
You also visited: Ossuary.

You collected 2286 gold pieces.
You spent 1778 gold pieces at shops.

Inventory:

Hand Weapons
 Y - the +4 demon trident of Qicituhuf (weapon) {vamp, Fragile rN+ rCorr Dex+3}
   (You bought it in a shop on level 2 of the Orcish Mines)

   It occasionally heals its wielder for a portion of the damage dealt when it
   wounds a living foe.
   Dex:       It affects your dexterity (+3).
   rN:        It protects you from negative energy.
   rCorr:     It protects you from acid and corrosion.
   Fragile:   It will be destroyed if unequipped.
Missiles
 n - 4 throwing nets (quivered)
 M - 4 javelins
 R - 17 boomerangs
Armour
 u - a +2 cloak (worn)
 T - a +2 pair of gloves (worn)
 V - a +1 pair of boots of stealth (worn)
 W - a +0 tower shield (worn)
 Z - the +8 plate armour "Noram" (worn) {+Blink Will+ Regen+ Stlth-}
   (You bought it in a shop on level 2 of the Orcish Mines)

   +Blink:    It lets you blink.
   Regen:     It increases your rate of health regeneration.
   Will:      It increases your willpower.
   Stlth:     It makes you less stealthy.
Jewellery
 a - a ring of poison resistance
 h - a ring of ice
 o - a ring of flight
 t - a ring of willpower (left hand)
 y - a ring of ice
 C - a ring of protection from fire
 E - an amulet of the acrobat (around neck)
 O - a +6 ring of strength (right hand)
 P - a ring of magical power
 S - a ring of magical power
Wands
 k - a wand of light (7)
 r - a wand of mindburst (9)
 H - a wand of charming (9)
 K - a wand of iceblast (31)
 Q - a wand of digging (6)
Scrolls
 c - 3 scrolls of immolation
 d - 4 scrolls of butterflies
 e - 5 scrolls of blinking
 i - 11 scrolls of teleportation
 l - 3 scrolls of brand weapon
 q - 3 scrolls of magic mapping
 v - 4 scrolls of fear
 B - 3 scrolls of enchant weapon
 D - 3 scrolls of poison
Potions
 b - 3 potions of invisibility
 g - 5 potions of flight
 j - 10 potions of curing
 m - 3 potions of berserk rage
 s - 5 potions of might
 w - 4 potions of attraction
 x - 6 potions of heal wounds
 A - 4 potions of lignification
 F - 5 potions of haste
 G - a potion of cancellation {unknown}
 I - 2 potions of ambrosia {unknown}
 J - 3 potions of resistance {unknown}
Miscellaneous
 f - a phial of floods
 p - a lightning rod (4/4)
 U - a box of beasts
 X - a phantom mirror


   Skills:
 + Level 17.6 Fighting
 - Level 14.5 Polearms
 + Level 20.6 Armour
 + Level 16.1 Dodging
 + Level 12.0 Shields


You had 15 spell levels left.
You didn't know any spells.
Your spell library was empty.

Dungeon Overview and Level Annotations

Branches:
Dungeon (15/15)            Temple (0/1) D:4            Lair (5/5) D:9
 Shoals (0/4) Lair:3       Spider (1/4) Lair:2        Slime (0/5) Lair:5
    Orc (2/2) D:9             Elf (0/3) Orc:2        Vaults (0/5) D:13
 Depths (0/4) D:15        Ossuary (visited)

Altars:
Ashenzari
Fedhas
Hepliaklqana
Okawaru
Sif Muna
Yredelemnul

Shops:
D:2 ?   D:5 *   D:10 *(   D:14 (   Orc:2 *[=(

Annotations:
Lair:2 exclusion: 2 oklob plants
Spider:1 Donald


Innate Abilities, Weirdness & Mutations

You have a pair of large horns on your head.
You reflexively headbutt those who attack you in melee.
You have sharp toenails.
You are agile. (Dex +4, Str/Int -1)
You are strong-willed. (Will+)
Your system is resistant to poisons. (rPois)


Message History

You block Donald's attack. The tarantella misses you. You furiously retaliate!
You headbutt the tarantella!
The tarantella attacks as you move away!
The tarantella barely misses you.
The jumping spider leaps!
The redback closely misses you. You block Donald's attack.
The jumping spider leaps!
The demonic crawler shrieks in warning!
You hear a shout!
The tarantella completely misses you.
The jumping spider leaps!
The redback misses you. You block Donald's attack.
You block the tarantella's attack. You block the redback's attack.
The demonic crawler shrieks in warning!
You hear a chilling moan.
You hear a faint skittering sound.
You puncture the tarantella! Your headbutt misses the tarantella.
The tarantella is almost dead.
Donald hits you but does no damage. You block the tarantella's attack.
The jumping spider pounces on you! You block the jumping spider's attack.
The jumping spider leaps!
You block the redback's attack. The demonic crawler closely misses you.
You block the demonic crawler's attack. The demonic crawler misses you.
Donald hits you but does no damage.
You are electrocuted!
The tarantella completely misses you. You block the jumping spider's attack.
The jumping spider bites you but does no damage.
The jumping spider leaps!
You block the redback's attack.
You puncture the tarantella!
You feel better.
You kill the tarantella!
Trog accepts your kill.
Donald hits you from afar with a +0 demon trident of electrocution!
* * * LOW HITPOINT WARNING * * *
You are electrocuted!
* * * LOW HITPOINT WARNING * * *
A pharaoh ant comes into view.
The demonic crawler hits you.
* * * LOW HITPOINT WARNING * * *
You block the demonic crawler's attack. x2
The jumping spider pounces on you but does no damage.
The jumping spider bites you but does no damage.
The jumping spider leaps!
You block the redback's attack.
Donald hits you from afar with a +0 demon trident of electrocution!!
You die...

#....#....##~
#.#^.........#..^#...#^..
.. ##~#......#.°^...#..
.......
##.......#........#
.B....#
##^...#...##..#..##.##....
##...........#..........#
#..#.##....○.°..#.s?...#
#~...^...^#.s#†.#.......
##........s@s@..††.~#
#.##.†..>.†#.†††.#~~#
##.†.......†....## ##
#~.......†##...#
#≈≈(.....#....##
##≈.....s#...##
#...#^##.....#
##........#≈##
#####...~≈≈#


You could see Donald (fast, strong, reflecting), a demonic crawler, a pharaoh
ant, 2 jumping spiders and a redback.

Vanquished Creatures
  A fire giant (D:12)
  An orc warlord (D:12)
  The ghost of greasedhog the Envoy of Void, a journeyman GrAK of Lugonu (Orc:2)
  The ghost of jlumianski the Warmonger, a journeyman DsFi of Okawaru (Orc:2)
  A stone giant (Orc:1)
  A war gargoyle (D:12)
  3 ettins (Orc:2)
  The ghost of Valamore the Frost Mage, a journeyman BaIE of Vehumet (D:13)
  A yaktaur captain (D:12)
  Josephine (D:10)
  2 fire dragons (D:15)
  A rakshasa (D:15)
  10 boulder beetles
  Erolcha (Orc:2)
  8 hydras
  An ogre mage (D:15)
  5 catoblepae
  2 merfolk aquamancers (D:12)
  7 centaur warriors
  Erica (D:10)
  11 two-headed ogres
  2 death knights
  7 death yaks (Lair:5)
  A deep troll earth mage (D:12)
  2 thrashing horrors (Abyss:3)
  An orc high priest (Orc:2)
  Nergalle (D:10)
  Amaemon (Lair:2)
  A wretched star (Abyss:3)
  3 skeletal warriors (D:11)
  2 large abominations (Abyss:3)
  A steelbarb worm (Spider:1)
  4 lindwurms (D:15)
  A spriggan simulacrum (Abyss:3)
  A wizard (D:15)
  A phantasmal warrior (D:12)
  An orc knight (Orc:2)
  A necromancer (D:13)
  A deep elf archer (D:13)
  12 ugly things
  4 deep elf pyromancers
  2 wolf spiders
  2 orc sorcerers
  A worldbinder (Abyss:3)
  15 cyclopes
  6 manticores
  A merfolk siren (Lair:3)
  A guardian serpent (shapeshifter) (D:14)
  A black mamba (Lair:4)
  6 elephants (Lair:1)
  2 water nymphs (D:12)
  An ice statue (D:14)
  An orange demon (Lair:2)
  2 torpor snails (Spider:1)
  An unseen horror (shapeshifter) (D:14)
  Psyche (D:10)
  6 cane toads
  A kobold demonologist (D:12)
  A freezing wraith (Abyss:3)
  4 komodo dragons
  2 rime drakes
  An unseen horror (D:10)
  2 demonic crawlers (Spider:1)
  A yaktaur (D:12)
  An ancient zyme (Abyss:3)
  A merfolk (Lair:3)
  A polar bear (Lair:3)
  9 trolls
  A hornet (D:15)
  6 tarantellas (Spider:1)
  12 raiju (Abyss:3)
  4 blink frogs (Abyss:3)
  15 slime creatures
  2 jumping spiders
  Sigmund (D:3)
  A water elemental (D:12)
  3 vampires
  9 wraiths
  4 culicivoras
  3 wyverns
  3 basilisks
  Grum (D:9)
  44 yaks
  2 steam dragons
  10 redbacks
  A chaos spawn (Abyss:3)
  A neqoxec (Abyss:3)
  9 vampire mosquitoes
  A harpy simulacrum (Abyss:3)
  3 wargs (Orc:2)
  An acid dragon (D:13)
  11 water moccasins
  A floating eye (shapeshifter) (D:13)
  2 ice beasts
  18 orc warriors
  8 ogres
  12 wolves
  2 centaurs
  2 kobold brigands
  An elf zombie (Ossuary)
  14 bullfrogs
  4 scorpions
  A gnoll sergeant (D:6)
  3 wights (D:8)
  4 killer bees (D:7)
  A vampire bat (D:8)
  An electric eel (D:12)
  A quasit (Abyss:3)
  2 centaur zombies (Ossuary)
  A human zombie (Ossuary)
  2 hounds
  A small abomination (Abyss:3)
  15 orc priests
  2 jellies (D:7)
  Terence (D:3)
  Ijyb (D:3)
  4 iguanas
  16 orc wizards
  3 mummies
  4 gnolls (D:5)
  6 adders
  2 white imps
  2 ufetubi
  3 adder zombies (Ossuary)
  56 orcs
  10 ball pythons
  9 bats
  7 endoplasms
  4 giant cockroaches
  8 goblins
  9 hobgoblins
  3 jackals (D:1)
  6 quokkas
  2 frilled lizards (D:1)
  6 hobgoblin zombies (Ossuary)
  2 jackal zombies (Ossuary)
  13 kobolds
  8 kobold zombies (Ossuary)
  12 orc zombies (Ossuary)
  6 rats
  2 rat zombies (Ossuary)
  A spectral orc (D:10)
634 creatures vanquished.

Vanquished Creatures (others)
  An orc wizard (Orc:2)
  An orc (Orc:2)
  33 fungi
  53 plants
  2 starspawn tentacles (Abyss:3)
90 creatures vanquished.

Grand Total: 724 creatures vanquished

Notes
Turn   | Place    | Note
-------+----------+-------------------------------------------
     0 | D:1      | siradein the Minotaur Berserker began the quest for the
                  | Orb.
     0 | D:1      | Reached XP level 1. HP: 19/19 MP: 0/0
   131 | D:1      | Reached XP level 2. HP: 27/27 MP: 1/1
   149 | D:1      | Found a faded altar of an unknown god.
   558 | D:1      | Reached skill level 3 in Armour
   718 | D:1      | Reached ** piety under Trog
   834 | D:1      | Reached XP level 3. HP: 33/33 MP: 2/2
  1156 | D:2      | Found Fiakkoar's Magic Scroll Shoppe.
  1160 | D:2      | Bought a scroll of identify for 22 gold pieces
  1997 | D:3      | Noticed Sigmund
  2011 | D:3      | Killed Sigmund
  2012 | D:3      | Reached skill level 5 in Fighting
  2012 | D:3      | Reached skill level 4 in Armour
  2012 | D:3      | Reached XP level 4. HP: 42/42 MP: 3/3
  2012 | D:3      | Reached XP level 5. HP: 48/48 MP: 4/4
  2066 | D:3      | Reached skill level 5 in Polearms
  2198 | D:3      | Noticed Terence
  2209 | D:3      | Killed Terence
  2378 | D:3      | Reached XP level 6. HP: 56/56 MP: 5/5
  2554 | D:3      | Found a broken altar of Ashenzari.
  2649 | D:3      | Noticed Ijyb
  2723 | D:3      | Killed Ijyb
  3595 | D:4      | Reached skill level 5 in Armour
  3595 | D:4      | Reached XP level 7. HP: 56/62 MP: 6/6
  3727 | D:4      | Found a staircase to the Ecumenical Temple.
  3997 | D:5      | Entered Level 5 of the Dungeon
  4242 | D:5      | Found Pischue's Elemental Accessories.
  4368 | D:5      | Reached *** piety under Trog
  4545 | D:5      | Reached skill level 5 in Dodging
  5315 | D:6      | Noticed a wraith
  5328 | D:6      | Noticed a white ugly thing
  5430 | D:6      | Reached XP level 8. HP: 66/71 MP: 7/7
  5491 | D:6      | Reached skill level 6 in Armour
  6775 | D:7      | Reached skill level 7 in Armour
  7126 | D:7      | Reached XP level 9. HP: 72/81 MP: 8/8
  7832 | D:8      | Reached skill level 8 in Armour
  7974 | D:8      | Found a sand-covered staircase.
  7984 | Ossuary  | Entered an ossuary
  8341 | Ossuary  | Reached **** piety under Trog
  9273 | D:9      | Found a hazy altar of Hepliaklqana.
  9302 | D:9      | Reached XP level 10. HP: 16/91 MP: 9/9
  9601 | D:9      | Noticed a two-headed ogre
  9608 | D:9      | Killed a two-headed ogre
  9609 | D:9      | Reached skill level 9 in Armour
  9818 | D:9      | Found a staircase to the Lair.
  9971 | D:9      | Found a staircase to the Orcish Mines.
 10068 | D:9      | Noticed Grum
 10078 | D:9      | Killed Grum
 10079 | D:9      | Reached skill level 10 in Fighting
 10082 | D:9      | Reached skill level 10 in Polearms
 10211 | D:9      | Noticed a two-headed ogre
 10218 | D:9      | Killed a two-headed ogre
 10298 | D:9      | Identified the +1 robe "Hazekaeth" {rN+ Str+4 Dex+4}
 10513 | D:9      | Reached skill level 10 in Armour
 10775 | D:10     | Entered Level 10 of the Dungeon
 10817 | D:10     | Found Qecezeh's Antique Weapon Boutique.
 11026 | D:10     | Noticed Psyche
 11042 | D:10     | Killed Psyche
 11055 | D:10     | Found a basalt altar of Yredelemnul.
 11143 | D:10     | Reached XP level 11. HP: 81/101 MP: 10/10
 11208 | D:10     | Noticed Josephine
 11219 | D:10     | Killed Josephine
 11280 | D:10     | Reached skill level 10 in Dodging
 11412 | D:10     | Found Ileihoge's Serpentskin Sales.
 11476 | D:10     | Noticed Nergalle
 11486 | D:10     | Killed Nergalle
 11487 | D:10     | Reached skill level 11 in Armour
 11511 | D:10     | Noticed Erica
 11519 | D:10     | Killed Erica
 11920 | D:11     | Noticed a skeletal warrior
 11947 | D:11     | Killed a skeletal warrior
 12149 | D:11     | Noticed a two-headed ogre
 12169 | D:11     | Killed a two-headed ogre
 12247 | D:11     | Noticed a skeletal warrior
 12273 | D:11     | Killed a skeletal warrior
 12353 | D:11     | Noticed a skeletal warrior
 12371 | D:11     | Killed a skeletal warrior
 12667 | Lair:1   | Entered Level 1 of the Lair of Beasts
 12789 | Lair:1   | Reached skill level 12 in Armour
 12789 | Lair:1   | Reached XP level 12. HP: 85/113 MP: 11/11
 13781 | Lair:2   | Found a blossoming altar of Fedhas.
 13963 | Lair:2   | Noticed a catoblepas
 14042 | Lair:2   | Found a hole to the Spider Nest.
 14118 | Lair:2   | Noticed a boulder beetle
 14140 | Lair:2   | Killed a boulder beetle
 14209 | Lair:2   | Noticed Amaemon
 14246 | Lair:2   | Killed Amaemon
 14459 | Lair:2   | Identified a scroll of acquirement
 14460 | Lair:2   | Acquired a manual of Armour
 14744 | Lair:2   | Killed a catoblepas
 14956 | Lair:2   | Reached skill level 13 in Armour
 15235 | Lair:3   | Noticed a five-headed hydra
 15485 | Lair:3   | Killed a ten-headed hydra
 15791 | Lair:3   | Identified the +4 sling "Qicut" {vorpal, Fragile Int+4
                  | Dex+4}
 15813 | Lair:3   | Noticed a boulder beetle
 15830 | Lair:3   | Killed a boulder beetle
 15831 | Lair:3   | Reached skill level 1 in Shields
 16080 | Lair:3   | Found a staircase to the Shoals.
 16457 | Lair:4   | Noticed a catoblepas
 16470 | Lair:4   | Killed a catoblepas
 16897 | Lair:4   | Gained mutation: Your natural rate of healing is unusually
                  | fast. [potion of mutation]
 16897 | Lair:4   | Gained mutation: You possess an exceptional clarity of
                  | mind. [potion of mutation]
 16897 | Lair:4   | Gained mutation: You are frail. (-10% HP) [potion of
                  | mutation]
 17150 | Lair:4   | Reached skill level 14 in Armour
 17150 | Lair:4   | Reached XP level 13. HP: 110/110 MP: 12/12
 17731 | Lair:4   | Lost mutation: You possess an exceptional clarity of mind.
                  | [potion of mutation]
 17731 | Lair:4   | Lost mutation: You are frail. (-10% HP) [potion of
                  | mutation]
 17731 | Lair:4   | Lost mutation: Your natural rate of healing is unusually
                  | fast. [potion of mutation]
 17731 | Lair:4   | Gained mutation: You have a pair of large horns on your
                  | head. [potion of mutation]
 17731 | Lair:4   | Gained mutation: Your body sometimes deteriorates upon
                  | taking damage. [potion of mutation]
 17732 | Lair:4   | Lost mutation: Your body sometimes deteriorates upon taking
                  | damage. [potion of mutation]
 17732 | Lair:4   | Lost mutation: You have a pair of large horns on your head.
                  | [potion of mutation]
 17732 | Lair:4   | Gained mutation: You are strong-willed. (Will+) [potion of
                  | mutation]
 17732 | Lair:4   | Gained mutation: You are frail. (-10% HP) [potion of
                  | mutation]
 17732 | Lair:4   | Gained mutation: You are agile. (Dex +4, Str/Int -1)
                  | [potion of mutation]
 17733 | Lair:4   | Lost mutation: You are strong-willed. (Will+) [potion of
                  | mutation]
 17733 | Lair:4   | Lost mutation: You are frail. (-10% HP) [potion of
                  | mutation]
 17733 | Lair:4   | Gained mutation: You have a pair of large horns on your
                  | head. [potion of mutation]
 17733 | Lair:4   | Gained mutation: Your system is resistant to poisons.
                  | (rPois) [potion of mutation]
 17733 | Lair:4   | Gained mutation: You have sharp toenails. [potion of
                  | mutation]
 17733 | Lair:4   | Gained mutation: You are strong-willed. (Will+) [potion of
                  | mutation]
 17801 | Lair:5   | Entered Level 5 of the Lair of Beasts
 18071 | Lair:5   | Reached ***** piety under Trog
 18131 | Lair:5   | Found a staircase to the Slime Pits.
 18699 | Lair:5   | Reached skill level 15 in Armour
 19029 | Lair:5   | Reached skill level 5 in Shields
 20488 | D:12     | Reached skill level 16 in Armour
 21341 | D:12     | Reached XP level 14. HP: 116/133 MP: 13/13
 21415 | D:12     | Noticed an orc warlord
 21476 | D:12     | Killed an orc warlord
 21486 | D:12     | Reached skill level 15 in Fighting
 21911 | D:12     | Noticed a war gargoyle
 21926 | D:12     | Killed a war gargoyle
 22027 | D:12     | Noticed a fire giant
 22111 | D:12     | Killed a fire giant
 22112 | D:12     | Reached skill level 17 in Armour
 22350 | Orc:1    | Entered Level 1 of the Orcish Mines
 23046 | Orc:2    | Entered Level 2 of the Orcish Mines
 23046 | Orc:2    | Noticed Erolcha
 23119 | Orc:2    | Killed Erolcha
 23238 | Orc:2    | Found a staircase to the Elven Halls.
 23358 | Orc:2    | Received a gift from Trog
 23626 | Orc:1    | Found an iron altar of Okawaru.
 23764 | Orc:2    | Found a shimmering blue altar of Sif Muna.
 24213 | Orc:2    | Found Aheistif's Jewellery Shoppe.
 24320 | Orc:2    | Found Ycaquras's Antique Weapon Shoppe.
 24321 | Orc:2    | Found Efizyth's Antique Armour Boutique.
 24325 | Orc:2    | Noticed a stone giant
 24488 | Orc:1    | Killed a stone giant
 24569 | Orc:2    | Reached skill level 18 in Armour
 24819 | Orc:2    | Bought a polished demon trident for 620 gold pieces
 24819 | Orc:2    | Identified the +4 demon trident of Qicituhuf {vamp, Fragile
                  | rN+ rCorr Dex+3} (You bought it in a shop on level 2 of the
                  | Orcish Mines)
 24856 | Orc:2    | Found Saupse's General Store.
 24989 | Orc:2    | Found a runed translucent gate.
 24989 | Orc:2    | Found a runed translucent gate.
 24990 | Orc:2    | Found a runed translucent gate.
 24992 | Orc:2    | Noticed greasedhog's ghost (journeyman GrAK)
 24992 | Orc:2    | Noticed jlumianski's ghost (journeyman DsFi)
 25032 | Orc:2    | Killed jlumianski's ghost
 25046 | Abyss:3  | Cast into level 3 of the Abyss (greasedhog's ghost)
 25427 | Abyss:3  | Reached XP level 15. HP: 144/144 MP: 14/14
 25453 | Abyss:3  | Noticed a tentacled starspawn
 25473 | Orc:2    | Escaped the Abyss
 25495 | Orc:2    | Killed greasedhog's ghost
 25894 | D:13     | Found a transporter.
 25895 | D:13     | Found a transporter.
 26054 | Orc:2    | Bought the +8 plate armour "Noram" {+Blink Will+ Regen+
                  | Stlth-} for 1136 gold pieces
 26218 | D:13     | Reached skill level 10 in Shields
 26223 | D:13     | Reached skill level 15 in Dodging
 26230 | D:13     | Found a gate to the Vaults.
 26320 | D:13     | Noticed Valamore's ghost (journeyman BaIE)
 26491 | D:13     | Reached skill level 19 in Armour
 26806 | D:13     | Received a gift from Trog
 26856 | D:13     | Killed Valamore's ghost
 27921 | D:14     | Found Gisorch's Antique Weapon Shoppe.
 28030 | D:15     | Entered Level 15 of the Dungeon
 28117 | D:15     | Reached skill level 20 in Armour
 28187 | D:15     | Found a broken altar of Ashenzari.
 28243 | D:15     | Identified the +4 spear "Hinueh" {antimagic, rElec rF+
                  | Str-5} (Trog gifted it to you on level 15 of the Dungeon)
 28243 | D:15     | Received a gift from Trog
 28267 | D:15     | Found a staircase to the Depths.
 29075 | Spider:1 | Entered Level 1 of the Spider Nest
 29088 | Spider:1 | Reached XP level 16. HP: 147/155 MP: 15/15
 29179 | Spider:1 | Noticed Donald
 29223 | Spider:1 | Slain by Donald

Illustrated notes

Levels and vault maps discovered:
D:1:      giann_horns, layout_loops_ring, hellmonk_ecumenical_altar_blasted,
          serial_bayou_pond_b
D:2:      layout_basic, serial_shops, shop,
          nicolae_concentric_dashed_squares_wild, minmay_pentomino_q2
D:3:      layout_loops_ring, mainiacjoe_overflow_alcove_2, kennysheep_potato,
          uniq_sigmund, uniq_ijyb, uniq_terence
D:4:      layout_basic, minmay_temple_entry_sparse_star
D:5:      layout_basic, nicolae_elemental_shop
D:6:      minmay_cornered_nines, layout_loops_ring, minmay_large_rounded_square
D:7:      layout_rooms, kennysheep_generic_room_15
D:8:      layout_basic, gup_ossuary_entry_pyramid, roderic_batcave
D:9:      layout_long_grid, mainiacjoe_overflow_brackets, david_lair_shrubbed,
          orc_0_dummy, serial_glass, glass_columns_a, glass_columns_a, uniq_grum
D:10:     layout_rooms, yredelemnul_forgotten_temple_becter, serial_shops, shop,
          guppyfry_shop_venom, uniq_josephine, uniq_psyche, uniq_nergalle,
          uniq_erica
D:11:     layout_cave_pools, serial_column_ruins, column_ruins_open_tiny,
          column_ruins_open_tiny, column_ruins_open_large,
          column_ruins_columns_corner, column_ruins_open_tiny
D:12:     minmay_tile_spiral, layout_basic, nicolae_splish_splash
D:13:     layout_basic, david_vaults_1, nzn_ghost_randoct
D:14:     minmay_statue_hallways, layout_gridville, serial_shops,
          nicolae_lakefront_shop, small_chamber_with_monster
D:15:     grunt_enter_depths_hoard, layout_irregular_city,
          cheibrodos_ashenzari_chains, minmay_lindwurm_lava
Lair:1:   layout_roguey
Lair:2:   layout_regular_city, nicolae_spider_entry_tight_spaces,
          columned_hall_lemuel, hangedman_tree_tricks,
          nicolae_lair_grazing_beasts [nicolae_sub_lair_graze_edge,
          nicolae_sub_lair_graze_edge, nicolae_sub_lair_graze_edge,
          nicolae_sub_lair_graze_edge], uniq_amaemon
Lair:3:   layout_gridlike, elwin_shoals_entry_rooms, serial_bayou_lake_a
Lair:4:   layout_cave_pods, serial_bayou_pond_e, serial_bayou_shore_a
Lair:5:   evilmike_catoblepas_cave, layout_loops_ring, slime_entry_1
Spider:1: layout_spider_delve, uniq_mlioglotl, uniq_donald
Orc:1:    layout_caves, basic_altar, david_defended_altar_orc
Orc:2:    grunt_orc_gardens, layout_caves, grunt_orc_garden, grunt_orc_garden,
          grunt_orc_garden, grunt_orc_garden, gammafunk_ghost_cemetery,
          led_sif_book, uniq_erolcha

Skill      XL: |  1  2  3  4  5  6  7  8  9 10 11 12 13 14 15 16 |
---------------+-------------------------------------------------+-----
Fighting       | 4 5 6 8 9 10 12 13 14 16 17 | 17.6
Polearms       | 4 5 6 8 9 10 12 13 14 | 14.5
Armour         | 3 4 5 7 8 10 12 14 16 18 20 | 20.6
Dodging        | 3 4 5 6 8 9 11 12 13 14 15 16 | 16.1
Shields        | 2 6 9 11 12 | 12.0

Action                   |  1- 3 |  4- 6 |  7- 9 | 10-12 | 13-15 | 16-18 || total
-------------------------+-------+-------+-------+-------+-------+-------++-------
Melee: Spear             |   147 |   170 |   308 |       |       |       ||   625
       Headbutt          |    17 |    25 |    53 |   129 |   350 |    18 ||   592
       Punch             |       |       |     2 |     1 |       |       ||     3
       Halberd           |       |       |   157 |   523 |       |       ||   680
       Trident           |       |       |       |   102 |   783 |       ||   885
       Kick              |       |       |       |       |   316 |       ||   316
       Demon trident     |       |       |       |       |   638 |    80 ||   718
Invok: Berserk           |     1 |       |     6 |    13 |    11 |     1 ||    32
       Trog's Hand       |       |     1 |     3 |     6 |     8 |     1 ||    19
  Use: Scroll            |     3 |       |     2 |    15 |     7 |     1 ||    28
       Potion            |       |       |       |     2 |     3 |     1 ||     6
 Stab: Distracted        |       |       |       |       |     1 |       ||     1
Armor: Animal skin       |     5 |       |       |       |       |       ||     5
       Ring mail         |    21 |       |       |       |       |       ||    21
       Scale mail        |     9 |     7 |       |       |       |       ||    16
       Chain mail        |       |    58 |    99 |   228 |   251 |       ||   636
       Plate armour      |       |       |    65 |    38 |   122 |    60 ||   285
Dodge: Dodged            |    64 |    38 |   159 |   304 |   478 |    75 ||  1118
Block: Kite shield       |       |       |       |    20 |   380 |       ||   400
       Tower shield      |       |       |       |       |   223 |   121 ||   344

Table legend: (Time is in decaauts)
 A = Elapsed time spent in this place.
 B = Non-inter-level travel time spent in this place.
 C = Inter-level travel time spent in this place.
 D = Time resting spent in this place.
 E = Time spent auto-exploring this place.
 F = Levels seen in this place.
 G = Mean time per level.
                   A        B        C        D        E       F      G
               +--------+--------+--------+--------+--------+-----+--------+
         Total |  29128 |  27060 |   2068 |    186 |  21872 |  25 | 1165.1 |
       Dungeon |  18028 |  16536 |   1492 |     72 |  13512 |  15 | 1201.9 |
          Lair |   7135 |   6670 |    465 |      3 |   5681 |   5 | 1427.0 |
   Spider Nest |    140 |    140 |      0 |      0 |     30 |   1 |  140.0 |
  Orcish Mines |   2902 |   2792 |    110 |    110 |   2038 |   2 | 1451.0 |
         Abyss |    401 |    401 |      0 |      0 |    287 |   1 |  401.0 |
       Ossuary |    519 |    519 |      0 |      0 |    323 |   1 |  519.0 |
               +--------+--------+--------+--------+--------+-----+--------+

Top non-repeatable levels by time:
    D:12: 2478 daAuts
  Lair:5: 2003 daAuts
     D:9: 1827 daAuts
   Orc:2: 1647 daAuts
  Lair:4: 1438 daAuts
     D:6: 1417 daAuts
  Lair:2: 1279 daAuts
    D:10: 1265 daAuts
   Orc:1: 1255 daAuts
  Lair:3: 1225 daAuts
  Lair:1: 1188 daAuts
     D:3: 1182 daAuts
     D:5: 1087 daAuts
     D:7: 1070 daAuts
     D:1: 1057 daAuts
